 Dungeon Crawl Stone Soup version 0.24.0-2-g5b39cebb1c (webtiles) character file.

Game seed: 10986787284415038514, levelgen mode: deterministic

132020 Gildeon the Severer (level 16, -12/139 HPs)
             Began as a Minotaur Fighter on Oct 27, 2019.
             Was the Champion of Nemelex Xobeh.
             Killed from afar by a frost giant (57 damage)
             ... with a bolt of cold
             ... in an ice cave on Oct 31, 2019.
             The game lasted 01:31:38 (25209 turns).

Gildeon the Severer (Minotaur Fighter)             Turns: 25209, Time: 01:31:38

Health: -12/139    AC: 33    Str: 27    XL:     16   Next: 56%
Magic:  22/22      EV: 18    Int: 16    God:    Nemelex Xobeh [******]
Gold:   1950       SH: 13    Dex: 22    Spells: 16/25 levels left

rFire    . . .     SeeInvis +   K - +2 hand axe (vamp)
rCold    x . .     Gourm    .   c - +0 shield
rNeg     + + +     Faith    .   s - +8 pearl dragon scales
rPois    +         Spirit   .   G - +2 hat {SInv}
rElec    .         Reflect  .   Y - +1 cloak
rCorr    .         Harm     +   M - +2 pair of gloves {Dex+3}
MR       +....                  U - +2 pair of boots
Stlth    ..........             X - amulet "Onto" {Harm *Drain rPois MR+ Str-5 Int+7}
HPRegen  0.33/turn              V - ring "Dostray" {rC- rN++ MR- Int+4 Dex+10}
MPRegen  0.18/turn              o - +5 ring of strength

@: no status effects
A: retaliatory headbutt, horns 2, weak 1
a: Draw Escape, Draw Destruction, Draw Summoning, Triple Draw, Deal Four, Stack
Five, Renounce Religion


You were in an ice cave.
You worshipped Nemelex Xobeh.
Nemelex Xobeh was exalted by your worship.
You were not hungry.

You visited 4 branches of the dungeon, and saw 23 of its levels.
You also visited: Gauntlet, Ice Cave and Volcano.

You collected 2002 gold pieces.
You spent 52 gold pieces at shops.

Inventory:

Hand Weapons
 a - a +2 war axe
 g - a +1 hand axe of freezing
 j - a +0 morningstar
 K - a +2 vampiric hand axe (weapon)
 O - a cursed +9 war axe
Missiles
 B - 8 atropa-tipped darts
 L - 46 poisoned darts (quivered)
 Z - 5 curare-tipped darts
Armour
 c - a +0 shield (worn)
 s - +8 pearl dragon scales (worn)
 u - a +0 hat of magic resistance
 G - a +2 hat of see invisible (worn)
 M - a +2 pair of gloves of dexterity (worn)
 U - a +2 pair of boots (worn)
 Y - a +1 cloak (worn)
Jewellery
 i - an uncursed ring of ice
 o - a +5 ring of strength (right hand)
 V - the ring "Dostray" (left hand) {rC- rN++ MR- Int+4 Dex+10}
   (You found it in a Gauntlet)

   [ring of intelligence]

   It affects your intelligence (+4).
   It affects your dexterity (+10).
   It makes you vulnerable to cold.
   It greatly protects you from negative energy.
   It affects your resistance to hostile enchantments.
 X - the amulet "Onto" (around neck) {Harm *Drain rPois MR+ Str-5 Int+7}
   (You found it on level 14 of the Dungeon)

   [amulet of harm]

   It increases damage dealt and taken.
   It affects your strength (-5).
   It affects your intelligence (+7).
   It protects you from poison.
   It affects your resistance to hostile enchantments.
   It causes draining when unequipped.
Wands
 e - a wand of acid (16)
 r - a wand of iceblast (38)
 v - a wand of digging (12)
 w - a wand of random effects (31)
 x - a wand of disintegration (41)
 y - a wand of polymorph (17)
 E - a wand of paralysis (28)
 W - a wand of scattershot (1)
Scrolls
 h - 10 scrolls of remove curse
 m - 11 scrolls of teleportation
 q - a scroll of vulnerability {unknown}
 t - 2 scrolls of fog
 C - 4 scrolls of blinking
 D - 3 scrolls of magic mapping
 Q - 3 scrolls of amnesia
 S - a scroll of summoning
Potions
 b - 5 potions of flight
 d - 3 potions of might
 k - 9 potions of curing
 l - 4 potions of cancellation
 n - 2 potions of lignification
 z - 3 potions of haste
 A - 6 potions of berserk rage
 F - 3 potions of ambrosia
 H - 2 potions of resistance
 I - 2 potions of heal wounds
 J - a potion of invisibility
 P - 3 potions of mutation
 R - a potion of magic
 T - 3 potions of brilliance
Comestibles
 f - 41 rations
 p - 12 chunks of flesh


   Skills:
 + Level 12.1 Fighting
 - Level 15.0 Axes
 - Level 5.5 Throwing
 - Level 10.0 Armour
 - Level 10.1 Dodging
 - Level 10.0 Shields
 - Level 5.0 Spellcasting
 - Level 5.0 Conjurations
 - Level 5.1 Ice Magic
 - Level 5.0 Air Magic
 - Level 10.0 Invocations
 - Level 10.0 Evocations


You had 16 spell levels left.
You knew the following spells:

 Your Spells              Type           Power        Failure   Level  Hunger
a - Shock                 Conj/Air       ###.         9%          1    None
b - Freeze                Ice            ###.         8%          1    None
c - Throw Frost           Conj/Ice       ###...       12%         2    #......
d - Swiftness             Chrm/Air       ##......     34%         2    #......
e - Static Discharge      Conj/Air       ###.....     24%         3    ###....

Your spell library contained the following spells:

 Spells                   Type           Power        Failure   Level  Hunger
 Summon Small Mammal      Summ           #...         54%         1    None
 Ozocubu's Armour         Chrm/Ice       ##......     56%         3    ###....
 Airstrike                Air            ###.......   63%         4    ####...
 Throw Icicle             Conj/Ice       ###.....     63%         4    ####...
 Call Imp                 Summ           #.......     67%         2    #......
 Call Canine Familiar     Summ           #.......     88%         3    ###....
 Summon Guardian Golem    Hex/Summ       #.......     88%         3    ###....
 Summon Ice Beast         Ice/Summ       ##......     92%         4    ####...
 Summon Lightning Spire   Summ/Air       ##......     92%         4    ####...
 Lightning Bolt           Conj/Air       ###.......   92%         5    ######.


Dungeon Overview and Level Annotations

Branches:
Dungeon (15/15)            Temple (1/1) D:4            Lair (6/6) D:9
 Shoals (0/4) Lair:2        Snake (0/4) Lair:4        Slime (0/5) Lair:5
    Orc (1/2) D:9          Vaults (0/5) D:13         Depths (0/5) D:15
  IceCv (1/1)             Volcano (visited)         Gauntlet (visited)

Altars:
Ashenzari
Cheibriados
Dithmenos
Elyvilon
Fedhas
Gozag
Hepliaklqana
Kikubaaqudgha
Makhleb
Nemelex Xobeh
Okawaru
Qazlal
Ru
Sif Muna
Trog
Uskayaw
Vehumet
Wu Jian
Xom
Yredelemnul
Zin
The Shining One
Beogh
Jiyva

Shops:
D:7 *   D:9 (   D:10 !   D:12 *   D:15 *

Annotations:
D:11 1 runed translucent door, mrkaede's ghost, journeyman CeHu
D:12 1 runed translucent door


Innate Abilities, Weirdness & Mutations

You reflexively headbutt those who attack you in melee.
You have a pair of horns on your head.
You are weak. (Str -2)


Message History

The frost giant is heavily wounded.
You hit the polar bear but do no damage.
The frost giant hits you with a +2 battleaxe of freezing.
* * * LOW HITPOINT WARNING * * *
The frost giant freezes you.
* * * LOW HITPOINT WARNING * * *
You slash the frost giant!
You feel better.
You headbutt the frost giant!
The frost giant is almost dead.
You hit the polar bear.
You feel better. The polar bear bites you.
* * * LOW HITPOINT WARNING * * *
You block the polar bear's attack. The polar bear completely misses you.
Unknown command.
You slash the frost giant!
You feel better.
You headbutt the frost giant, but do no damage.
The frost giant is almost dead.
Your shield and pearl dragon scales prevent you from hitting the polar bear.
The frost giant casts a spell at you. The bolt of cold hits you!!!
You feel a terrible chill!
You die...
Your body glows with a rainbow of weird colours and disappears.

##≈###≈≈≈###
#≈≈#≈≈≈≈≈#
##≈≈≈≈≈≈≈≈≈≈
##≈≈≈≈≈≈≈≈≈
#÷#≈≈≈≈≈≈≈
##.##≈≈≈≈≈#
#÷##≈≈≈≈≈≈###
#.## ≈#≈≈##.##
#..# ##≈#...@#
#..###.≈#.##Ch#
#...#.###.###Yh#
#...#.)##.# h...
##...###.##
#..... ##..###.#
.....# ##.##.##
#....# #..##.#
....# ##.##.##


You could see a frost giant, 3 polar bears and a yak.

Vanquished Creatures
  A very ugly thing (D:15)
  A minotaur (Gauntlet)
  A red draconian (Volcano)
  A dire elephant (Gauntlet)
  The ghost of Jiolyugh the Geomancer, a journeyman GrEE of Qazlal (D:14)
  2 rakshasas (D:15)
  8 hydras
  2 catoblepae (Lair:4)
  13 two-headed ogres
  4 centaur warriors
  3 ogre magi
  7 death yaks
  A tengu warrior (D:13)
  A skeletal warrior (D:13)
  5 unseen horrors
  4 sixfirhies (Gauntlet)
  2 wizards (D:15)
  5 orc knights
  An oklob plant (Lair:2)
  An orb spider (D:14)
  7 ugly things
  A deep elf mage (D:15)
  2 cyclopes
  6 manticores
  Maurice (D:11)
  2 centaur zombies (D:15)
  Joseph (D:9)
  6 black mambas
  A naga mage (D:15)
  An ice statue (IceCv)
  9 elephants
  A molten gargoyle (Lair:3)
  A torpor snail (D:10)
  9 spiny frogs
  2 gargoyles
  4 rime drakes
  A yaktaur (D:14)
  2 kobold demonologists
  An efreet (D:15)
  6 komodo dragons
  4 tengu conjurers
  16 polar bears
  3 meliai (D:15)
  2 trolls
  8 hornets
  5 blink frogs (Lair:6)
  8 dream sheep (Lair:6)
  A slime creature (shapeshifter) (D:15)
  4 slime creatures
  A raiju (D:14)
  11 hippogriffs
  A centaur simulacrum (D:15)
  A vampire (D:15)
  A wraith (D:14)
  14 spriggans
  A tarantella (D:14)
  2 hogs (D:14)
  77 yaks
  3 wyverns
  A fire elemental (Lair:3)
  A golden eye (D:14)
  4 basilisks
  2 hungry ghosts
  A steam dragon (D:8)
  7 nagas (Lair:4)
  8 water moccasins
  A warg (D:14)
  An acid dragon (D:14)
  A hell hound (D:14)
  7 porcupines
  9 orc warriors
  A hornet zombie (D:9)
  2 sky beasts
  6 ice beasts
  A phantom (D:8)
  6 black bears
  37 wolves
  13 ogres
  3 boggarts (Lair:6)
  30 centaurs
  8 crocodiles
  4 big kobolds
  14 bullfrogs
  A wyvern zombie (D:13)
  A gnoll sergeant (D:10)
  A wyvern skeleton (D:13)
  6 scorpions
  9 killer bees
  9 wights
  4 howler monkeys
  An electric eel (D:7)
  10 crimson imps
  A bullfrog zombie (D:10)
  2 quasits
  A bullfrog skeleton (D:13)
  2 jellies
  8 hounds
  9 centaur skeletons
  8 orc priests
  Ijyb (D:4)
  5 iguanas
  9 worker ants
  12 orc wizards
  2 hell rats (Lair:5)
  A killer bee zombie (D:5)
  A howler monkey zombie (D:5)
  3 worker ant zombies
  8 gnolls
  15 adders
  6 river rats (Lair:5)
  A shadow imp (D:10)
  12 white imps (Orc:1)
  An ooze (D:3)
  3 adder skeletons
  3 worms
  2 dart slugs (D:1)
  7 leopard geckos
  50 orcs
  3 ball pythons
  7 bats
  7 giant cockroaches
  10 goblins
  6 hobgoblins
  5 jackals
  2 quokkas
  7 frilled lizards
  A jackal skeleton (D:2)
  9 kobolds
  5 rats
  5 fungi
  A plant (Lair:4)
742 creatures vanquished.

Vanquished Creatures (collateral kills)
  Gastronok (D:11)
  A black mamba (D:10)
  2 spiny frogs (Lair:1)
  A yak (D:7)
  A basilisk (D:10)
  An orc warrior (D:6)
  A hound (D:10)
  An orc wizard (D:6)
  An orc priest (D:6)
  An orc (D:8)
11 creatures vanquished.

Vanquished Creatures (others)
  A two-headed ogre (Volcano)
  A manticore (D:8)
  An adder (D:8)
  3 fungi
6 creatures vanquished.

Grand Total: 759 creatures vanquished

Notes
Turn   | Place    | Note
-------+----------+-------------------------------------------
     0 | D:1      | Gildeon the Minotaur Fighter began the quest for the Orb.
     0 | D:1      | Reached XP level 1. HP: 19/19 MP: 0/0
    38 | D:1      | Reached skill level 3 in Axes
   199 | D:1      | Reached XP level 2. HP: 26/26 MP: 1/1
   312 | D:1      | Reached skill level 4 in Axes
   354 | D:1      | Reached XP level 3. HP: 27/31 MP: 2/2
   550 | D:2      | Found a sparkling altar of Nemelex Xobeh.
   557 | D:2      | Became a worshipper of Nemelex Xobeh the Trickster
   720 | D:2      | Received a gift from Nemelex Xobeh
   867 | D:2      | Reached skill level 5 in Axes
  1073 | D:2      | Reached XP level 4. HP: 39/39 MP: 3/3
  1696 | D:3      | Reached * piety under Nemelex Xobeh
  1765 | D:3      | Reached skill level 6 in Axes
  2129 | D:4      | Noticed Ijyb
  2144 | D:4      | Killed Ijyb
  2144 | D:4      | Reached XP level 5. HP: 41/45 MP: 4/4
  2372 | D:4      | Found a staircase to the Ecumenical Temple.
  2381 | Temple   | Entered the Ecumenical Temple
  2462 | D:4      | Received a gift from Nemelex Xobeh
  2649 | D:4      | Reached skill level 5 in Fighting
  2769 | D:4      | Noticed an ogre
  2774 | D:4      | Killed an ogre
  2774 | D:4      | Reached XP level 6. HP: 56/56 MP: 5/5
  2797 | D:4      | Reached skill level 5 in Armour
  3175 | D:5      | Entered Level 5 of the Dungeon
  3293 | D:5      | Reached XP level 7. HP: 52/61 MP: 6/6
  3349 | D:5      | Found a shattered altar of Ashenzari.
  3413 | D:5      | Reached skill level 5 in Shields
  3457 | D:5      | Found a shadowy altar of Dithmenos.
  3554 | D:5      | Reached skill level 1 in Dodging
  3853 | D:6      | Found a shimmering blue altar of Sif Muna.
  3881 | D:6      | Reached ** piety under Nemelex Xobeh
  4074 | D:6      | Reached skill level 5 in Dodging
  4205 | D:6      | Reached skill level 1 in Evocations
  4340 | D:6      | Reached XP level 8. HP: 60/68 MP: 6/8
  4605 | D:7      | Found Kacziov's General Store.
  4749 | D:7      | Noticed a hippogriff
  4770 | D:7      | Killed a hippogriff
  4801 | D:7      | Reached skill level 5 in Evocations
  4815 | D:7      | Found a white marble altar of Elyvilon.
  4861 | D:7      | Found a hazy altar of Hepliaklqana.
  4907 | D:7      | Reached skill level 1 in Invocations
  4956 | D:7      | Found a glowing silver altar of Zin.
  5182 | D:7      | Reached XP level 9. HP: 68/74 MP: 11/11
  5186 | D:7      | Reached skill level 5 in Invocations
  5194 | D:7      | Reached skill level 7 in Axes
  5406 | D:8      | Received a gift from Nemelex Xobeh
  5761 | D:8      | Reached *** piety under Nemelex Xobeh
  5769 | D:8      | Noticed Harold
  5774 | D:8      | Noticed Harold
  5774 | D:8      | Harold changed into Harold the manticore
  5796 | D:8      | Killed Harold the manticore
  5796 | D:8      | Reached skill level 8 in Axes
  5798 | D:8      | Reached skill level 9 in Axes
  6150 | D:8      | Received a gift from Nemelex Xobeh
  6844 | D:9      | Found a staircase to the Orcish Mines.
  6864 | D:9      | Found a roughly hewn altar of Beogh.
  6867 | D:9      | Reached skill level 10 in Axes
  7076 | D:9      | Found an opulent altar of Gozag.
  7093 | D:9      | Received a gift from Nemelex Xobeh
  7119 | D:9      | Got a crystal spear
  7134 | D:9      | Found a sacrificial altar of Ru.
  7239 | D:9      | Reached XP level 10. HP: 84/86 MP: 12/12
  7371 | D:9      | Noticed an elephant
  7387 | D:9      | Killed an elephant
  7391 | D:9      | Found a staircase to the Lair.
  7421 | D:9      | Upgraded the game from 0.24.0-1-gfbc8707122 to
                  | 0.24.0-2-g5b39cebb1c
  7491 | D:9      | Reached skill level 10 in Fighting
  7504 | D:9      | Noticed Joseph
  7539 | D:9      | Killed Joseph
  7662 | D:9      | Found Buhy's Weapon Boutique.
  7665 | D:9      | Bought a +0 morningstar for 52 gold pieces
  7666 | D:9      | Identified the cursed +2 spear of Trog's Vengeance
                  | {antimagic, Fragile rC+ Int+8 Dex+6} (You found it on level
                  | 9 of the Dungeon)
  7977 | D:10     | Entered Level 10 of the Dungeon
  8082 | D:10     | Received a gift from Nemelex Xobeh
  8111 | D:10     | Noticed a two-headed ogre
  8115 | D:10     | Noticed a torpor snail
  8115 | D:10     | a two-headed ogre changed into a torpor snail
  8115 | D:10     | Noticed a black mamba
  8115 | D:10     | a yak changed into a black mamba
  8119 | D:10     | Killed a torpor snail
  8123 | D:10     | Killed a black mamba
  8201 | D:10     | Reached XP level 11. HP: 68/99 MP: 13/13
  8225 | D:10     | Reached **** piety under Nemelex Xobeh
  8349 | D:10     | Found Xyschoqun's Distillery.
  8412 | D:10     | Reached skill level 10 in Armour
  9059 | D:11     | Noticed Gastronok
  9078 | D:11     | Killed Gastronok
  9085 | D:11     | Reached skill level 10 in Shields
  9378 | D:11     | Noticed Maurice
  9390 | D:11     | Killed Maurice
  9410 | D:11     | Received a gift from Nemelex Xobeh
  9440 | D:11     | Found a runed translucent door.
  9441 | D:11     | Noticed mrkaede's ghost (journeyman CeHu)
  9631 | D:12     | Found Toikew's Assorted Antiques.
  9830 | D:12     | Found an ornate altar of the Wu Jian Council.
  9977 | D:12     | Received a gift from Nemelex Xobeh
 10013 | D:12     | Noticed an unseen horror
 10032 | D:12     | Killed an unseen horror
 10039 | D:12     | Reached ***** piety under Nemelex Xobeh
 10178 | D:12     | Found a runed translucent door.
 10181 | D:12     | Noticed a war gargoyle
 10491 | D:13     | Noticed an unseen horror
 10516 | D:13     | Killed an unseen horror
 10543 | D:13     | Received a gift from Nemelex Xobeh
 10554 | D:13     | Reached XP level 12. HP: 105/106 MP: 14/14
 10567 | D:13     | Noticed a two-headed ogre
 10571 | D:13     | Killed a two-headed ogre
 10609 | D:13     | Noticed a six-headed hydra
 10621 | D:13     | Killed a six-headed hydra
 10621 | D:13     | Reached skill level 10 in Dodging
 10722 | D:13     | Received a gift from Nemelex Xobeh
 11134 | Lair:1   | Entered Level 1 of the Lair of Beasts
 11154 | Lair:1   | Noticed a four-headed hydra
 11174 | Lair:1   | Killed a four-headed hydra
 11280 | Lair:1   | Received a gift from Nemelex Xobeh
 11670 | Lair:1   | Received a gift from Nemelex Xobeh
 11737 | Lair:1   | Noticed a five-headed hydra
 11742 | Lair:1   | Killed a five-headed hydra
 11930 | Lair:1   | Noticed an eight-headed hydra
 11942 | Lair:1   | Killed an eight-headed hydra
 11942 | Lair:1   | Reached skill level 10 in Evocations
 12323 | Lair:2   | Found a dark tunnel.
 12331 | Volcano  | Entered a volcano
 12347 | Volcano  | Noticed an ogre mage
 12351 | Volcano  | Found a radiant altar of Vehumet.
 12353 | Volcano  | Noticed a two-headed ogre
 12355 | Volcano  | Noticed a two-headed ogre
 12358 | Volcano  | Noticed a two-headed ogre
 12359 | Volcano  | Killed a two-headed ogre
 12361 | Volcano  | Killed a two-headed ogre
 12361 | Volcano  | Noticed a red draconian
 12362 | Volcano  | Noticed a two-headed ogre
 12365 | Volcano  | Killed a two-headed ogre
 12365 | Volcano  | Reached XP level 13. HP: 113/113 MP: 19/19
 12412 | Volcano  | Killed a red draconian
 12589 | Lair:2   | Received a gift from Nemelex Xobeh
 12957 | Lair:2   | Found a staircase to the Shoals.
 13424 | Lair:2   | Gained mutation: You are weak. (Str -2) [mutagenic glow]
 13563 | Lair:2   | Received a gift from Nemelex Xobeh
 14031 | Lair:3   | Reached ****** piety under Nemelex Xobeh
 14054 | Lair:3   | Received a gift from Nemelex Xobeh
 14623 | Lair:3   | Reached skill level 10 in Invocations
 14645 | Lair:3   | Reached skill level 1 in Throwing
 14740 | Lair:3   | Reached skill level 1 in Spellcasting
 15544 | Lair:4   | Learned a level 1 spell: Shock
 15656 | Lair:4   | Got a steaming falchion
 15661 | Lair:4   | Identified the cursed +0 falchion of Dyowni {drain, *Slow
                  | Str+6 Dex+3} (You found it on level 4 of the Lair of
                  | Beasts)
 15752 | Lair:4   | Reached skill level 5 in Throwing
 15752 | Lair:4   | Reached XP level 14. HP: 121/121 MP: 20/20
 15885 | Lair:4   | Found a staircase to the Snake Pit.
 16304 | Lair:4   | Found a sacrificial altar of Ru.
 16478 | Lair:5   | Found a viscous altar of Jiyva.
 16521 | Lair:5   | Received a gift from Nemelex Xobeh
 16524 | Lair:5   | Found a gate leading to a gauntlet.
 16533 | Gauntlet | Entered a Gauntlet
 16533 | Gauntlet | Found a transporter.
 16533 | Gauntlet | Found a transporter.
 16623 | Gauntlet | Found a transporter.
 16626 | Gauntlet | Found a transporter.
 16626 | Gauntlet | Found a transporter.
 16682 | Gauntlet | Found a transporter.
 16708 | Gauntlet | Found a transporter.
 16721 | Gauntlet | Found a transporter.
 16725 | Gauntlet | Found a large runed translucent door.
 16726 | Gauntlet | Found a large runed translucent door.
 16727 | Gauntlet | Found a large runed translucent door.
 16727 | Gauntlet | Found a large runed translucent door.
 16727 | Gauntlet | Found a runed translucent door.
 16728 | Gauntlet | Found a large runed translucent door.
 16729 | Gauntlet | Found a transporter.
 16729 | Gauntlet | Found a large runed translucent door.
 16730 | Gauntlet | Found a large runed translucent door.
 16730 | Gauntlet | Found a large runed translucent door.
 16731 | Gauntlet | Found a runed translucent gate.
 16732 | Gauntlet | Found a transporter.
 16732 | Gauntlet | Found a runed translucent gate.
 16733 | Gauntlet | Found a runed translucent door.
 16733 | Gauntlet | Found a runed translucent gate.
 16733 | Gauntlet | Found a transporter.
 16736 | Gauntlet | Found a large runed translucent door.
 16736 | Gauntlet | Found a large runed translucent door.
 16736 | Gauntlet | Found a large runed translucent door.
 16736 | Gauntlet | Found a large runed translucent door.
 16774 | Gauntlet | Found a large runed translucent door.
 16774 | Gauntlet | Found a large runed translucent door.
 16777 | Gauntlet | Found a large runed translucent door.
 16777 | Gauntlet | Found a large runed translucent door.
 16807 | Gauntlet | Found a transporter.
 16975 | Gauntlet | Reached skill level 1 in Conjurations
 16975 | Gauntlet | Reached skill level 1 in Air Magic
 17019 | Gauntlet | Learned a level 1 spell: Freeze
 17181 | Gauntlet | Got a sparkling pewter ring
 17188 | Gauntlet | Identified the ring "Dostray" {rC- rN++ MR- Int+4 Dex+10}
                  | (You found it in a Gauntlet)
 17309 | Gauntlet | Reached skill level 1 in Ice Magic
 17365 | Lair:5   | Found a staircase to the Slime Pits.
 17428 | Lair:4   | Reached XP level 15. HP: 46/126 MP: 21/21
 17716 | Lair:5   | Received a gift from Nemelex Xobeh
 18024 | Lair:5   | Received a gift from Nemelex Xobeh
 18388 | Lair:6   | Entered Level 6 of the Lair of Beasts
 18476 | Lair:6   | Reached skill level 5 in Spellcasting
 18806 | Lair:6   | Received a gift from Nemelex Xobeh
 18974 | Lair:6   | Received a gift from Nemelex Xobeh
 19094 | Lair:6   | Paralysed by a hornet for 2 turns
 19570 | Lair:6   | Received a gift from Nemelex Xobeh
 20209 | D:13     | Identified a scroll of acquirement
 20211 | D:13     | Got a smoking broad axe
 20212 | D:13     | Identified the +4 broad axe of the Several Planets {chop,
                  | rPois} (You acquired it on level 13 of the Dungeon)
 20252 | D:13     | Found a gate to the Vaults.
 20319 | D:13     | Received a gift from Nemelex Xobeh
 20349 | D:13     | Reached skill level 5 in Conjurations
 20349 | D:13     | Reached skill level 5 in Air Magic
 20507 | D:14     | Learned a level 2 spell: Throw Frost
 20510 | D:14     | Learned a level 2 spell: Swiftness
 20514 | D:14     | Learned a level 3 spell: Static Discharge
 20539 | D:14     | Reached skill level 5 in Ice Magic
 20684 | D:14     | Reached skill level 11 in Axes
 21042 | D:14     | Received a gift from Nemelex Xobeh
 21135 | D:14     | Reached skill level 12 in Axes
 21298 | D:14     | Found a runed translucent gate.
 21298 | D:14     | Found a runed translucent gate.
 21298 | D:14     | Found a runed translucent gate.
 21301 | D:14     | Noticed Jiolyugh's ghost (journeyman GrEE)
 21303 | D:14     | Identified the +11 demon whip "Yfruaf Ane" {elec, *Drain
                  | +Blink rF- Str+9}
 21303 | D:14     | Identified the +1 plate armour of Voecko {rPois Int+2}
 21304 | D:14     | Found a roughly hewn altar of Beogh.
 21362 | D:14     | Killed Jiolyugh's ghost
 21375 | D:14     | HP: 6/126 [orc knight/the +11 demon whip "Yfruaf Ane"
                  | {elec, *Drain +Blink rF- Str+9} (17)]
 21382 | D:14     | HP: 3/126 [orc knight/the +11 demon whip "Yfruaf Ane"
                  | {elec, *Drain +Blink rF- Str+9} (4)]
 21466 | D:14     | Got a twitching iron amulet
 21468 | D:14     | Identified the amulet "Onto" {Harm *Drain rPois MR+ Str-5
                  | Int+7} (You found it on level 14 of the Dungeon)
 21795 | D:14     | Reached XP level 16. HP: 114/134 MP: 22/22
 21988 | D:15     | Entered Level 15 of the Dungeon
 22062 | D:15     | Found Najept's Changing Room.
 22094 | D:15     | Reached skill level 13 in Axes
 22142 | D:15     | Found a staircase to the Depths.
 22529 | D:15     | Received a gift from Nemelex Xobeh
 22551 | D:15     | Reached skill level 14 in Axes
 22794 | D:15     | Received a gift from Nemelex Xobeh
 23038 | D:15     | Received a gift from Nemelex Xobeh
 23199 | D:15     | Reached skill level 15 in Axes
 23735 | Orc:1    | Entered Level 1 of the Orcish Mines
 23803 | Orc:1    | Received a gift from Nemelex Xobeh
 23832 | Orc:1    | Found a frozen archway.
 23851 | IceCv    | Entered an ice cave
 25209 | IceCv    | Killed from afar by a frost giant

Levels and vault maps discovered:
D:1:      ncdulo_watergridlock, layout_rooms
D:2:      minmay_door_path, layout_basic, nemelex_xobeh_ov_fountains_minmay,
          minmay_worlds_worst_comb
D:3:      layout_basic
D:4:      layout_cave_pods, minmay_temple_entry_butterflies, first_ration,
          minmay_misc_feat_enclosed, uniq_ijyb
D:5:      layout_rooms, lemuel_coloured_pillars_altar,
          ashenzari_conservatory_becter, kennysheep_small_spiral
D:6:      layout_rooms, nicolae_overflow_crystal_walls
D:7:      layout_basic, overflow_temple_1_default, kennysheep_little_box,
          lemuel_crystal_altar, serial_shops, shop, fountainhead
D:8:      layout_cave_pods, blue_anna_alchemist [blue_anna_fruit_fields,
          blue_anna_fruit_fields], uniq_harold
D:9:      layout_rooms, old_standard_altar, lemuel_crystal_altar,
          david_lair_generic, minmay_orc_entry_temple_small, serial_shops, shop,
          serial_rivers, chequers_serial_rivers_large_a,
          chequers_serial_rivers_large_b, chequers_serial_rivers_micro_c,
          chequers_serial_rivers_micro_b, chequers_serial_rivers_room_b,
          chequers_serial_rivers_marsh, centaur_isle, uniq_joseph
D:10:     layout_roguey, serial_shops, nicolae_shop_crystal
D:11:     layout_cave_pools, gammafunk_ghost_grave, uniq_maurice, uniq_gastronok
D:12:     layout_stronghold, serial_shops, shop, serial_column_ruins,
          column_ruins_temple_hut, column_ruins_open_small,
          column_ruins_open_medium, column_ruins_open_tiny,
          column_ruins_open_tiny, wad_hexagon
D:13:     layout_long_grid, hangedman_vaults_entry_quadrant_bands
D:14:     layout_roguey [special_room_mythical_zoo], nicolae_two_hexagons,
          biasface_ghost_orc_armoury, grunt_ministairs_12
D:15:     grunt_enter_depths_magical_seal, layout_cave_pods,
          minmay_misc_feat_rugged, nicolae_transmutations_shop,
          minmay_fractal_squares_gapless_7
Temple:   cyrus_circular_temple
Lair:1:   cheibrodos_lair_river_kwai, layout_chaotic_city
Lair:2:   layout_cave_pods, minmay_shoals_entry_centaurs,
          nicolae_volcano_entry_s_turn, serial_bayou_pond_e,
          minmay_lair_oklob_items, st_stairs_10, cheibrodos_lair_reptile_den
Lair:3:   layout_gridlike
Lair:4:   nzn_motion_control, layout_cave_pods,
          minmay_snake_entry_guardpost_medium, basic_altar, st_stairs_7,
          infiniplex_staircase_pool
Lair:5:   layout_regular_city, slime_altar_1, gauntlet_entry_generic,
          kennysheep_rathole
Lair:6:   minmay_lair_end_enchanted_forest, layout_misc_corridors,
          lemuel_fruit_tree, lemuel_fruit_fields
Orc:1:    layout_caves, basic_altar, serial_shops, shop,
          portal_ice_cave_entry_imps
IceCv:    ice_cave_caverns_02

Skill      XL: |  1  2  3  4  5  6  7  8  9 10 11 12 13 14 15 16 |
---------------+-------------------------------------------------+-----
Axes           | 3 4 5 6 10 12 15 | 15.0
Fighting       | 5 7 10 12 | 12.1
Armour         | 4 5 9 10 | 10.0
Shields        | 4 5 10 | 10.0
Dodging        | 5 9 10 | 10.1
Evocations     | 2 5 10 | 10.0
Invocations    | 4 5 6 10 | 10.0
Throwing       | 5 |  5.5
Spellcasting   | 3 4 5 |  5.0
Conjurations   | 2 5 |  5.0
Air Magic      | 2 5 |  5.0
Ice Magic      | 1 5 |  5.1

Action                   |  1- 3 |  4- 6 |  7- 9 | 10-12 | 13-15 | 16-18 || total
-------------------------+-------+-------+-------+-------+-------+-------++-------
Melee: War axe           |    90 |    12 |       |       |       |       ||   102
       Headbutt          |    10 |    18 |    70 |   212 |   484 |   195 ||   989
       Hand axe          |       |   155 |   320 |   639 |  1173 |   479 ||  2766
       Morningstar       |       |       |       |    15 |    47 |     9 ||    71
       Broad axe         |       |       |       |       |    23 |       ||    23
Throw: Dart              |       |       |    41 |     5 |   161 |    42 ||   249
 Cast: Freeze            |       |       |       |       |       |     3 ||     3
 Abil: Draw Escape       |       |     1 |     1 |       |       |       ||     2
       Draw Destruction  |       |     2 |     7 |    16 |     6 |       ||    31
       Draw Summoning    |       |       |     5 |     4 |       |       ||     9
Evoke: Wand              |       |       |       |     4 |     2 |    32 ||    38
  Use: Scroll            |     2 |    13 |     7 |    12 |    17 |     2 ||    53
       Potion            |       |       |     2 |     3 |     9 |       ||    14
 Stab: Petrified         |       |       |     6 |       |       |       ||     6
       Paralysed         |       |       |       |       |       |     9 ||     9
  Eat: Chunk             |     1 |     7 |    14 |    16 |    19 |    11 ||    68
       Ration            |       |       |       |     1 |     3 |       ||     4
Armor: Scale mail        |    50 |    57 |    12 |       |       |       ||   119
       Plate armour      |       |       |   141 |    82 |       |       ||   223
       Pearl dragon scal |       |       |       |   140 |   641 |   155 ||   936
Dodge: Dodged            |    29 |    42 |    74 |   279 |   919 |   250 ||  1593
Block: Shield            |    54 |    76 |   162 |   398 |   848 |   269 ||  1807
